[ AOE2 MATCH · #473650436 ]
UnrankedBurgundians vs Goths
[ REPLAY ANALYSIS · EXTRACTED FROM THE RECORDED GAME ]
Feudal
11:12
Castle
24:03
Imperial
—
| APM avg | 45.1 |
| APM peak | 84 |
| eAPM avg | 19.5 |
| Villagers / military | 69 / 24 |
Focus
⚔️ 28.8% · 🌾 71.2%
Knight ×15 · Archer ×9
Feudal
12:22
Castle
31:01
Imperial
—
| APM avg | 69.9 |
| APM peak | 100 |
| eAPM avg | 35.2 |
| Villagers / military | 78 / 86 |
Focus
⚔️ 31.1% · 🌾 68.9%
Archer ×77 · Fishing Ship ×10 · Militia ×8 · Unknown (2626) ×6 · Fire Galley ×1
Feudal
11:54
Castle
25:57
Imperial
—
| APM avg | 50.2 |
| APM peak | 93 |
| eAPM avg | 28.7 |
| Villagers / military | 76 / 151 |
Focus
⚔️ 38.1% · 🌾 61.9%
Militia ×145 · Spearman ×6
Feudal
12:00
Castle
24:46
Imperial
—
| APM avg | 51.0 |
| APM peak | 106 |
| eAPM avg | 20.4 |
| Villagers / military | 79 / 59 |
Focus
⚔️ 27.1% · 🌾 72.9%
Knight ×36 · Scout Cavalry ×21 · Fishing Ship ×3 · Battle Elephant ×2
Feudal
14:21
Castle
17:59
Imperial
—
| APM avg | 37.5 |
| APM peak | 72 |
| eAPM avg | 25.5 |
| Villagers / military | 91 / 50 |
Focus
⚔️ 44.7% · 🌾 55.3%
Camel Scout ×40 · Fishing Ship ×11 · Scout Cavalry ×7 · Armored Elephant ×2 · Trade Cog ×1 · Demolition Raft ×1
Feudal
11:09
Castle
18:25
Imperial
—
| APM avg | 47.7 |
| APM peak | 100 |
| eAPM avg | 25.1 |
| Villagers / military | 100 / 74 |
Focus
⚔️ 31.4% · 🌾 68.6%
Mangudai ×74 · Fishing Ship ×5
Feudal
14:08
Castle
18:08
Imperial
—
| APM avg | 64.4 |
| APM peak | 117 |
| eAPM avg | 25.7 |
| Villagers / military | 132 / 60 |
Focus
⚔️ 38.3% · 🌾 61.7%
Arambai ×56 · Fishing Ship ×9 · Monk ×2 · Transport Ship ×1 · Demolition Raft ×1
Feudal
11:05
Castle
16:43
Imperial
—
| APM avg | 66.3 |
| APM peak | 92 |
| eAPM avg | 31.5 |
| Villagers / military | 65 / 36 |
Focus
⚔️ 48.9% · 🌾 51.1%
Genoese Crossbowman ×35 · Fishing Ship ×10 · Unknown (2626) ×4 · Galley ×1
Match map
Initial resources + every placement click. Lines = walls · curves = elevation contours. ◆ gold · ⬟ stone · ● berries · ✦ relic · ◌ wall gap
Your base· Open — unwalled flank
PUNISHER's base· Open — unwalled flank
Cagata Sonante's base· Open — unwalled flank
PUNISHER's base· Open — unwalled flank
Nheltarion's base· Open — unwalled flank
GRANDFATHER's base· Open — 6t gap
Simvall's base· Open — unwalled flank
Mettiu's base· Open — unwalled flank
Smoothed initial terrain · ◌ = detected wall gap · hover for details
Inputs per minute
— MB7 - - PUNISHER
Build order — MB7
First 150 of 202 actions detected
| 0:02 | Create | Villager (Male) |
| 0:02 | Create | Villager (Male) |
| 0:03 | Create | Villager (Male) |
| 0:04 | Build | House |
| 0:05 | Build | House |
| 1:26 | Create | Villager (Male) |
| 1:51 | Create | Villager (Male) |
| 1:56 | Build | Lumber Camp |
| 2:06 | Create | Villager (Male) |
| 2:49 | Create | Villager (Male) |
| 3:04 | Create | Villager (Male) |
| 3:36 | Create | Villager (Male) |
| 3:49 | Build | Mill |
| 3:59 | Create | Villager (Male) |
| 4:23 | Create | Villager (Male) |
| 4:30 | Build | House |
| 4:57 | Create | Villager (Male) |
| 5:17 | Create | Villager (Male) |
| 5:18 | Create | Villager (Male) |
| 5:54 | Build | House |
| 6:13 | Create | Villager (Male) |
| 6:13 | Create | Villager (Male) |
| 6:39 | Create | Villager (Male) |
| 6:42 | Build | Lumber Camp |
| 7:29 | Create | Villager (Male) |
| 8:02 | Create | Villager (Male) |
| 8:04 | Research | Loom |
| 8:11 | Build | Mill |
| 8:38 | Build | Barracks |
| 9:02 | Research | Feudal Age |
| 9:44 | Build | Mining Camp |
| 11:12 | Age | Feudal Age |
| 11:17 | Build | Stable |
| 11:20 | Build | Blacksmith |
| 11:22 | Create | Villager (Male) |
| 11:23 | Build | Farm |
| 11:24 | Build | Farm |
| 11:26 | Build | Farm |
| 11:27 | Build | Farm |
| 11:45 | Research | Double-Bit Axe |
| 11:53 | Create | Villager (Male) |
| 11:58 | Build | Farm |
| 12:13 | Build | Farm |
| 12:20 | Build | House |
| 12:21 | Create | Villager (Male) |
| 12:25 | Build | Farm |
| 12:35 | Build | Farm |
| 12:39 | Create | Villager (Male) |
| 12:48 | Build | House |
| 12:54 | Build | Palisade Wall |
| 12:56 | Build | Palisade Wall |
| 12:59 | Build | Farm |
| 13:10 | Build | Palisade Wall |
| 13:11 | Build | Palisade Wall |
| 13:19 | Build | Stone Wall |
| 13:21 | Build | Stone Wall |
| 13:46 | Create | Villager (Male) |
| 13:52 | Build | Archery Range |
| 13:56 | Research | Fletching |
| 14:10 | Build | Palisade Wall |
| 14:16 | Build | Palisade Wall |
| 14:17 | Build | Palisade Wall |
| 14:28 | Build | House |
| 14:31 | Build | House |
| 14:34 | Build | House |
| 14:43 | Build | Stone Wall |
| 14:44 | Build | Stone Wall |
| 15:14 | Create | Archer |
| 15:14 | Create | Archer |
| 15:22 | Build | Stone Wall |
| 15:28 | Build | Stone Wall |
| 15:35 | Create | Archer |
| 16:07 | Create | Villager (Male) |
| 16:07 | Create | Villager (Male) |
| 16:14 | Build | House |
| 16:39 | Build | House |
| 16:55 | Create | Archer |
| 16:59 | Create | Villager (Male) |
| 17:13 | Create | Archer |
| 17:23 | Build | House |
| 17:32 | Create | Villager (Male) |
| 17:39 | Research | Bow Saw |
| 17:41 | Create | Archer |
| 17:51 | Create | Villager (Male) |
| 18:14 | Create | Archer |
| 18:40 | Create | Villager (Male) |
| 18:56 | Create | Villager (Male) |
| 19:07 | Build | Farm |
| 19:07 | Build | Farm |
| 19:07 | Build | Farm |
| 19:08 | Build | Farm |
| 19:16 | Build | Farm |
| 19:28 | Create | Villager (Male) |
| 19:34 | Build | Stone Wall |
| 19:43 | Build | Stone Wall |
| 19:49 | Create | Villager (Male) |
| 20:03 | Build | Farm |
| 20:17 | Create | Villager (Male) |
| 20:29 | Create | Archer |
| 20:29 | Create | Archer |
| 20:35 | Build | House |
| 20:47 | Build | Stone Wall |
| 20:53 | Create | Villager (Male) |
| 21:21 | Research | Castle Age |
| 21:37 | Build | Stable |
| 21:38 | Build | Stable |
| 22:02 | Research | Scale Barding Armor |
| 22:22 | Build | Stone Wall |
| 22:41 | Build | House |
| 22:59 | Research | Forging |
| 23:03 | Build | Stable |
| 23:08 | Build | Stone Wall |
| 23:16 | Build | Gate |
| 23:41 | Build | Mining Camp |
| 23:47 | Build | Stone Wall |
| 23:54 | Build | House |
| 23:57 | Research | Horse Collar |
| 23:58 | Research | Gold Mining |
| 24:03 | Age | Castle Age |
| 24:05 | Create | Knight |
| 24:05 | Research | Cavalier (upgrade) |
| 24:08 | Create | Villager (Male) |
| 24:20 | Build | Stone Wall |
| 24:27 | Build | House |
| 24:32 | Create | Knight |
| 24:34 | Create | Villager (Male) |
| 24:40 | Build | Town Center |
| 24:51 | Create | Knight |
| 24:59 | Build | House |
| 24:59 | Build | House |
| 25:02 | Create | Villager (Male) |
| 25:02 | Create | Villager (Male) |
| 25:13 | Create | Knight |
| 25:16 | Build | House |
| 25:24 | Create | Villager (Male) |
| 25:47 | Create | Knight |
| 25:50 | Build | House |
| 25:58 | Create | Knight |
| 26:09 | Create | Villager (Male) |
| 26:19 | Create | Knight |
| 26:26 | Build | House |
| 26:30 | Create | Villager (Male) |
| 26:38 | Create | Villager (Male) |
| 26:47 | Build | Lumber Camp |
| 26:56 | Create | Villager (Male) |
| 27:00 | Build | Farm |
| 27:18 | Create | Knight |
| 27:18 | Create | Knight |
| 27:18 | Create | Knight |
| 27:23 | Build | House |
Build order — PUNISHER
First 150 of 272 actions detected
| 0:02 | Research | Loom |
| 0:04 | Build | House |
| 0:07 | Build | House |
| 0:16 | Create | Villager (Male) |
| 0:17 | Create | Villager (Male) |
| 0:17 | Create | Villager (Male) |
| 1:11 | Create | Villager (Male) |
| 1:40 | Create | Villager (Male) |
| 1:57 | Build | Lumber Camp |
| 2:05 | Create | Villager (Male) |
| 2:34 | Create | Villager (Male) |
| 2:34 | Create | Villager (Male) |
| 3:01 | Create | Villager (Male) |
| 3:24 | Create | Villager (Male) |
| 3:25 | Create | Villager (Male) |
| 3:48 | Build | Dock |
| 3:55 | Create | Villager (Male) |
| 4:31 | Create | Villager (Male) |
| 4:32 | Create | Villager (Male) |
| 4:35 | Build | House |
| 5:01 | Create | Villager (Male) |
| 5:01 | Create | Villager (Male) |
| 5:29 | Create | Villager (Male) |
| 5:52 | Create | Villager (Male) |
| 6:11 | Create | Villager (Male) |
| 6:25 | Build | House |
| 6:31 | Create | Villager (Male) |
| 6:44 | Build | Barracks |
| 6:45 | Create | Villager (Male) |
| 6:56 | Create | Villager (Male) |
| 7:09 | Create | Villager (Male) |
| 7:14 | Create | Fishing Ship |
| 7:37 | Create | Villager (Male) |
| 8:00 | Create | Fishing Ship |
| 8:13 | Build | House |
| 8:18 | Create | Villager (Male) |
| 8:54 | Create | Fishing Ship |
| 8:57 | Create | Villager (Male) |
| 8:59 | Build | Mining Camp |
| 9:56 | Create | Fishing Ship |
| 10:12 | Research | Feudal Age |
| 10:50 | Create | Fishing Ship |
| 10:51 | Create | Fishing Ship |
| 10:55 | Build | House |
| 11:36 | Create | Militia |
| 11:38 | Create | Militia |
| 11:42 | Create | Militia |
| 11:45 | Create | Fishing Ship |
| 11:51 | Build | House |
| 12:07 | Create | Villager (Male) |
| 12:11 | Build | House |
| 12:13 | Create | Militia |
| 12:22 | Age | Feudal Age |
| 12:28 | Research | Man-at-Arms (upgrade) |
| 12:29 | Build | Archery Range |
| 12:33 | Create | Villager (Male) |
| 12:37 | Research | Double-Bit Axe |
| 12:38 | Research | Double-Bit Axe |
| 12:46 | Create | Villager (Male) |
| 12:49 | Build | House |
| 13:10 | Create | Villager (Male) |
| 13:28 | Create | Militia |
| 13:29 | Build | House |
| 13:32 | Create | Militia |
| 13:33 | Create | Villager (Male) |
| 13:37 | Build | Mining Camp |
| 13:41 | Create | Archer |
| 13:44 | Create | Villager (Male) |
| 13:55 | Create | Archer |
| 14:00 | Build | Watch Tower |
| 14:07 | Build | Watch Tower |
| 14:08 | Create | Villager (Male) |
| 14:18 | Create | Archer |
| 14:22 | Create | Villager (Male) |
| 14:28 | Create | Militia |
| 14:36 | Create | Fishing Ship |
| 14:52 | Create | Archer |
| 15:00 | Create | Archer |
| 15:01 | Create | Villager (Male) |
| 15:10 | Research | Arson |
| 15:20 | Create | Archer |
| 15:30 | Create | Villager (Male) |
| 15:34 | Build | Blacksmith |
| 16:02 | Create | Villager (Male) |
| 16:05 | Build | Archery Range |
| 16:13 | Create | Militia |
| 16:41 | Build | Outpost |
| 16:42 | Create | Archer |
| 16:42 | Create | Archer |
| 16:47 | Research | Fletching |
| 16:56 | Create | Villager (Male) |
| 16:58 | Build | Outpost |
| 17:00 | Build | Mill |
| 17:02 | Build | House |
| 17:08 | Create | Archer |
| 17:08 | Create | Archer |
| 17:24 | Create | Archer |
| 17:26 | Build | House |
| 17:37 | Build | Watch Tower |
| 17:55 | Create | Archer |
| 17:56 | Create | Villager (Male) |
| 18:02 | Build | House |
| 18:18 | Create | Villager (Male) |
| 18:21 | Create | Villager (Male) |
| 18:21 | Create | Villager (Male) |
| 18:29 | Create | Archer |
| 18:38 | Build | House |
| 18:45 | Create | Archer |
| 18:45 | Create | Villager (Male) |
| 18:52 | Build | House |
| 18:53 | Build | House |
| 18:55 | Build | Palisade Wall |
| 18:57 | Build | House |
| 18:58 | Build | Palisade Wall |
| 19:05 | Build | Outpost |
| 19:07 | Research | Town Watch |
| 19:09 | Build | Farm |
| 19:12 | Create | Archer |
| 19:14 | Create | Villager (Male) |
| 19:35 | Build | Outpost |
| 19:40 | Create | Archer |
| 19:40 | Create | Archer |
| 19:58 | Build | Outpost |
| 19:58 | Create | Villager (Male) |
| 20:02 | Create | Archer |
| 20:02 | Create | Archer |
| 20:07 | Create | Villager (Male) |
| 20:12 | Build | House |
| 20:21 | Create | Archer |
| 20:21 | Create | Archer |
| 20:24 | Build | Mill |
| 20:27 | Build | Outpost |
| 20:36 | Create | Villager (Male) |
| 20:39 | Build | Farm |
| 20:40 | Build | Farm |
| 20:40 | Create | Villager (Male) |
| 20:49 | Create | Archer |
| 20:50 | Create | Archer |
| 21:00 | Create | Archer |
| 21:00 | Create | Archer |
| 21:09 | Research | Scale Mail Armor |
| 21:10 | Build | Palisade Wall |
| 21:12 | Build | Palisade Wall |
| 21:16 | Build | Archery Range |
| 21:24 | Research | Padded Archer Armor |
| 21:44 | Build | Outpost |
| 21:49 | Create | Archer |
| 22:07 | Create | Villager (Male) |
| 22:10 | Build | Lumber Camp |
| 22:27 | Build | Outpost |
Build order — Cagata Sonante
First 150 of 315 actions detected
| 0:01 | Create | Villager (Male) |
| 0:01 | Create | Villager (Male) |
| 0:01 | Create | Villager (Male) |
| 0:02 | Build | House |
| 0:03 | Build | House |
| 1:16 | Create | Villager (Male) |
| 1:16 | Create | Villager (Male) |
| 1:38 | Create | Villager (Male) |
| 1:38 | Create | Villager (Male) |
| 1:49 | Build | Lumber Camp |
| 2:03 | Create | Villager (Male) |
| 2:03 | Create | Villager (Male) |
| 2:31 | Create | Villager (Male) |
| 2:57 | Create | Villager (Male) |
| 2:58 | Create | Villager (Male) |
| 3:22 | Research | Loom |
| 3:22 | Research | Loom |
| 3:25 | Build | Mill |
| 3:27 | Create | Villager (Male) |
| 3:37 | Build | House |
| 3:51 | Create | Villager (Male) |
| 3:51 | Create | Villager (Male) |
| 4:15 | Create | Villager (Male) |
| 4:15 | Create | Villager (Male) |
| 4:39 | Create | Villager (Male) |
| 4:40 | Create | Villager (Male) |
| 5:05 | Create | Villager (Male) |
| 5:05 | Create | Villager (Male) |
| 5:30 | Create | Villager (Male) |
| 5:37 | Build | Mill |
| 5:44 | Build | Farm |
| 5:59 | Create | Villager (Male) |
| 6:02 | Build | Farm |
| 6:10 | Create | Villager (Male) |
| 6:15 | Build | House |
| 6:34 | Build | Mining Camp |
| 6:45 | Build | Farm |
| 6:47 | Create | Villager (Male) |
| 7:02 | Create | Villager (Male) |
| 7:28 | Create | Villager (Male) |
| 7:34 | Build | Farm |
| 7:42 | Create | Villager (Male) |
| 7:42 | Create | Villager (Male) |
| 8:09 | Build | Lumber Camp |
| 8:11 | Create | Villager (Male) |
| 8:19 | Build | House |
| 8:44 | Create | Villager (Male) |
| 8:45 | Build | Farm |
| 9:32 | Research | Feudal Age |
| 9:32 | Research | Feudal Age |
| 9:52 | Build | Barracks |
| 9:58 | Build | House |
| 10:21 | Build | Farm |
| 10:33 | Build | Farm |
| 10:39 | Create | Villager (Male) |
| 10:43 | Create | Militia |
| 10:44 | Create | Militia |
| 10:44 | Create | Militia |
| 10:46 | Build | House |
| 11:07 | Build | Mill |
| 11:11 | Create | Militia |
| 11:23 | Create | Militia |
| 11:28 | Build | Farm |
| 11:45 | Build | Farm |
| 11:48 | Create | Militia |
| 11:54 | Age | Feudal Age |
| 11:57 | Research | Man-at-Arms (upgrade) |
| 12:07 | Create | Villager (Male) |
| 12:08 | Research | Horse Collar |
| 12:27 | Create | Spearman |
| 12:30 | Create | Militia |
| 12:32 | Build | Farm |
| 12:40 | Research | Double-Bit Axe |
| 13:00 | Create | Villager (Male) |
| 13:20 | Create | Militia |
| 13:21 | Create | Villager (Male) |
| 13:22 | Create | Villager (Male) |
| 13:39 | Create | Villager (Male) |
| 13:40 | Create | Villager (Male) |
| 13:45 | Create | Militia |
| 13:45 | Create | Militia |
| 13:47 | Build | Farm |
| 13:48 | Build | Farm |
| 14:00 | Create | Militia |
| 14:06 | Build | House |
| 14:26 | Create | Villager (Male) |
| 14:40 | Create | Militia |
| 14:45 | Create | Villager (Male) |
| 14:52 | Create | Militia |
| 15:24 | Create | Militia |
| 15:25 | Create | Villager (Male) |
| 15:25 | Create | Villager (Male) |
| 15:29 | Build | House |
| 15:31 | Build | Farm |
| 15:31 | Build | Farm |
| 15:32 | Create | Villager (Male) |
| 15:37 | Build | Farm |
| 15:37 | Build | Farm |
| 15:37 | Build | Farm |
| 15:54 | Build | Blacksmith |
| 15:58 | Create | Militia |
| 16:02 | Build | Barracks |
| 16:30 | Create | Militia |
| 16:33 | Research | Scale Mail Armor |
| 16:35 | Build | Farm |
| 16:35 | Build | Farm |
| 16:35 | Build | Farm |
| 16:38 | Create | Villager (Male) |
| 16:48 | Create | Militia |
| 16:56 | Create | Spearman |
| 16:56 | Create | Spearman |
| 17:04 | Create | Villager (Male) |
| 17:14 | Build | House |
| 17:33 | Create | Villager (Male) |
| 17:38 | Build | Farm |
| 17:44 | Create | Militia |
| 17:51 | Create | Militia |
| 17:57 | Create | Spearman |
| 18:03 | Create | Militia |
| 18:04 | Create | Villager (Male) |
| 18:05 | Create | Villager (Male) |
| 18:27 | Create | Militia |
| 18:28 | Create | Militia |
| 18:29 | Build | Barracks |
| 18:46 | Create | Villager (Male) |
| 18:48 | Create | Militia |
| 18:48 | Create | Militia |
| 18:54 | Create | Militia |
| 18:58 | Create | Militia |
| 19:05 | Create | Militia |
| 19:27 | Create | Militia |
| 19:29 | Create | Villager (Male) |
| 19:29 | Create | Villager (Male) |
| 19:31 | Build | House |
| 19:34 | Build | Market |
| 19:36 | Build | Farm |
| 19:39 | Create | Militia |
| 19:41 | Create | Militia |
| 19:41 | Create | Militia |
| 19:42 | Create | Militia |
| 19:46 | Create | Militia |
| 19:53 | Build | House |
| 19:57 | Create | Militia |
| 19:57 | Create | Militia |
| 20:03 | Create | Militia |
| 20:18 | Create | Militia |
| 20:19 | Create | Militia |
| 20:30 | Build | House |
| 20:31 | Create | Villager (Male) |
| 20:40 | Create | Militia |
Build order — PUNISHER
First 150 of 265 actions detected
| 0:01 | Create | Villager (Male) ×3 |
| 0:02 | Build | House |
| 0:07 | Build | House |
| 1:19 | Create | Villager (Male) |
| 1:41 | Create | Villager (Male) |
| 1:41 | Create | Villager (Male) |
| 2:08 | Create | Villager (Male) |
| 2:32 | Create | Villager (Male) |
| 2:56 | Create | Villager (Male) |
| 3:08 | Build | Lumber Camp |
| 3:17 | Create | Villager (Male) |
| 3:44 | Create | Villager (Male) |
| 4:15 | Create | Villager (Male) |
| 4:18 | Build | House |
| 4:34 | Research | Loom |
| 4:42 | Create | Villager (Male) |
| 5:13 | Build | Mill |
| 5:22 | Create | Villager (Male) |
| 5:40 | Build | House |
| 5:52 | Create | Villager (Male) |
| 6:09 | Create | Villager (Male) |
| 6:09 | Create | Villager (Male) |
| 6:49 | Create | Villager (Male) |
| 6:49 | Create | Villager (Male) |
| 7:25 | Build | Dock |
| 7:38 | Create | Villager (Male) |
| 7:38 | Create | Villager (Male) |
| 8:01 | Create | Fishing Ship |
| 8:14 | Create | Villager (Male) |
| 8:18 | Build | House |
| 8:41 | Create | Fishing Ship |
| 8:48 | Create | Villager (Male) |
| 9:25 | Create | Villager (Male) |
| 9:45 | Research | Feudal Age |
| 10:02 | Create | Fishing Ship |
| 10:07 | Build | House |
| 10:37 | Build | Mill |
| 10:43 | Create | Villager (Male) |
| 10:43 | Create | Villager (Male) |
| 11:15 | Build | Barracks |
| 12:00 | Age | Feudal Age |
| 12:04 | Build | Stable |
| 12:16 | Research | Double-Bit Axe |
| 12:50 | Create | Villager (Male) |
| 12:50 | Create | Villager (Male) |
| 13:07 | Create | Scout Cavalry |
| 13:07 | Create | Scout Cavalry |
| 13:21 | Build | Mining Camp |
| 13:28 | Build | Blacksmith |
| 13:41 | Create | Villager (Male) |
| 13:41 | Create | Villager (Male) |
| 13:42 | Create | Scout Cavalry |
| 13:42 | Create | Scout Cavalry |
| 13:51 | Build | House |
| 14:01 | Create | Scout Cavalry |
| 14:08 | Create | Villager (Male) |
| 14:19 | Research | Wheelbarrow |
| 14:23 | Build | House |
| 14:28 | Build | Farm |
| 14:32 | Build | Farm |
| 14:36 | Create | Scout Cavalry |
| 14:47 | Create | Villager (Male) |
| 14:48 | Create | Villager (Male) |
| 14:53 | Build | Farm |
| 15:13 | Research | Scale Barding Armor |
| 16:02 | Build | Farm |
| 16:25 | Create | Villager (Male) |
| 16:26 | Research | Forging |
| 16:36 | Build | Farm |
| 16:37 | Build | Farm |
| 16:37 | Build | Farm |
| 16:38 | Build | Farm |
| 16:43 | Build | Farm |
| 16:46 | Create | Villager (Male) |
| 16:51 | Build | House |
| 17:02 | Build | House |
| 17:06 | Create | Scout Cavalry |
| 17:09 | Create | Villager (Male) |
| 17:24 | Build | House |
| 17:29 | Create | Scout Cavalry |
| 17:32 | Build | Stable |
| 17:35 | Create | Villager (Male) |
| 17:44 | Research | Horse Collar |
| 17:50 | Create | Villager (Male) |
| 18:28 | Create | Scout Cavalry |
| 18:28 | Create | Scout Cavalry |
| 18:31 | Create | Villager (Male) |
| 18:31 | Create | Villager (Male) |
| 18:57 | Build | House |
| 18:59 | Build | Palisade Wall |
| 19:04 | Create | Scout Cavalry |
| 19:05 | Create | Scout Cavalry |
| 19:18 | Build | Farm |
| 19:19 | Build | Farm |
| 19:19 | Build | Farm |
| 19:19 | Build | Farm |
| 19:20 | Build | Farm |
| 19:36 | Create | Villager (Male) |
| 19:36 | Create | Villager (Male) |
| 19:48 | Create | Scout Cavalry |
| 19:48 | Create | Scout Cavalry |
| 20:19 | Create | Villager (Male) |
| 20:22 | Build | Mill |
| 20:23 | Build | Farm |
| 20:23 | Build | Farm |
| 20:24 | Build | Farm |
| 20:24 | Build | Farm |
| 20:36 | Create | Scout Cavalry |
| 20:36 | Create | Scout Cavalry |
| 20:45 | Create | Villager (Male) |
| 20:51 | Build | Market |
| 20:57 | Build | Farm |
| 21:03 | Build | Farm |
| 21:12 | Create | Villager (Male) |
| 21:38 | Build | Farm |
| 21:39 | Create | Villager (Male) |
| 21:58 | Research | Castle Age |
| 22:12 | Build | Stable |
| 22:14 | Research | Bloodlines |
| 22:26 | Research | Bloodlines |
| 22:35 | Create | Scout Cavalry |
| 22:35 | Create | Scout Cavalry |
| 22:54 | Build | House |
| 23:02 | Build | Farm |
| 23:16 | Create | Scout Cavalry |
| 23:16 | Create | Scout Cavalry |
| 23:16 | Create | Scout Cavalry |
| 23:34 | Build | Farm |
| 23:36 | Build | Farm |
| 23:39 | Research | Gold Mining |
| 23:57 | Build | Stable |
| 24:09 | Build | Lumber Camp |
| 24:15 | Build | Palisade Wall |
| 24:46 | Age | Castle Age |
| 24:49 | Create | Knight |
| 24:49 | Create | Knight |
| 24:50 | Create | Knight |
| 24:56 | Create | Villager (Male) |
| 24:57 | Create | Villager (Male) |
| 25:15 | Create | Knight |
| 25:15 | Create | Knight |
| 25:16 | Create | Knight |
| 25:25 | Research | Chain Barding Armor |
| 25:29 | Build | Farm |
| 25:35 | Create | Villager (Male) |
| 25:45 | Build | Mining Camp |
| 25:50 | Create | Knight |
| 25:51 | Create | Knight |
| 26:06 | Create | Villager (Male) |
| 26:28 | Build | Town Center |
Build order — Nheltarion
First 150 of 273 actions detected
| 0:02 | Create | Villager (Male) |
| 0:02 | Create | Villager (Male) |
| 0:02 | Build | House |
| 0:04 | Build | House |
| 0:24 | Create | Villager (Male) |
| 1:12 | Create | Villager (Male) |
| 1:29 | Create | Villager (Male) |
| 1:56 | Build | Lumber Camp |
| 2:02 | Create | Villager (Male) |
| 2:18 | Create | Villager (Male) |
| 2:47 | Create | Villager (Male) |
| 3:15 | Create | Villager (Male) |
| 3:25 | Build | House |
| 3:35 | Create | Villager (Male) |
| 3:35 | Create | Villager (Male) |
| 4:01 | Build | Dock |
| 4:07 | Create | Villager (Male) |
| 4:38 | Create | Villager (Male) |
| 5:11 | Build | Palisade Wall |
| 5:14 | Build | Palisade Wall |
| 5:17 | Build | Palisade Wall |
| 5:19 | Build | Palisade Wall |
| 5:26 | Create | Villager (Male) |
| 5:26 | Create | Villager (Male) |
| 5:44 | Create | Villager (Male) |
| 6:05 | Build | Mill |
| 6:32 | Create | Villager (Male) |
| 7:05 | Build | Dock |
| 7:07 | Create | Villager (Male) |
| 7:23 | Create | Villager (Male) |
| 7:25 | Build | Farm |
| 7:26 | Build | Farm |
| 7:29 | Build | Farm |
| 7:30 | Build | Farm |
| 7:31 | Build | Farm |
| 7:35 | Build | House |
| 8:01 | Research | Loom |
| 8:01 | Research | Loom |
| 8:17 | Create | Fishing Ship |
| 8:26 | Create | Villager (Male) |
| 8:38 | Build | Farm |
| 8:50 | Build | House |
| 8:50 | Create | Villager (Male) |
| 8:57 | Create | Fishing Ship |
| 9:24 | Create | Fishing Ship |
| 9:24 | Create | Fishing Ship |
| 9:36 | Build | Farm |
| 9:37 | Create | Villager (Male) |
| 9:37 | Create | Villager (Male) |
| 9:38 | Create | Villager (Male) |
| 9:38 | Create | Villager (Male) |
| 9:38 | Create | Villager (Male) |
| 9:46 | Build | Farm |
| 10:06 | Build | Farm |
| 10:19 | Create | Fishing Ship |
| 10:45 | Build | Mining Camp |
| 10:53 | Build | House |
| 10:55 | Create | Fishing Ship |
| 11:00 | Create | Villager (Male) |
| 11:12 | Build | Farm |
| 11:28 | Create | Fishing Ship |
| 11:41 | Build | Farm |
| 11:46 | Create | Villager (Male) |
| 11:51 | Build | House |
| 12:03 | Research | Feudal Age |
| 12:03 | Research | Feudal Age |
| 12:31 | Build | Barracks |
| 12:47 | Create | Fishing Ship |
| 14:04 | Create | Villager (Male) |
| 14:11 | Create | Villager (Male) |
| 14:21 | Age | Feudal Age |
| 14:23 | Build | Blacksmith |
| 14:30 | Build | Market |
| 15:19 | Research | Castle Age |
| 15:29 | Build | Stable |
| 15:32 | Create | Villager (Male) |
| 15:44 | Create | Villager (Male) |
| 15:49 | Build | Palisade Wall |
| 15:51 | Build | Palisade Wall |
| 15:53 | Build | Palisade Wall |
| 15:59 | Create | Villager (Male) |
| 16:02 | Build | Stable |
| 16:04 | Build | Stable |
| 16:07 | Create | Villager (Male) |
| 16:28 | Research | Double-Bit Axe |
| 16:29 | Research | Double-Bit Axe |
| 16:41 | Build | Farm |
| 17:12 | Create | Trade Cog |
| 17:18 | Create | Demolition Raft |
| 17:25 | Build | Farm |
| 17:30 | Research | Bloodlines |
| 17:32 | Research | Scale Barding Armor |
| 17:32 | Research | Scale Barding Armor |
| 17:59 | Age | Castle Age |
| 18:06 | Create | Villager (Male) |
| 18:29 | Build | Farm |
| 18:32 | Create | Camel Scout |
| 18:52 | Create | Camel Scout |
| 19:21 | Create | Camel Scout |
| 19:21 | Create | Camel Scout |
| 19:22 | Create | Villager (Male) |
| 19:52 | Build | Town Center |
| 20:01 | Create | Villager (Male) |
| 20:08 | Create | Camel Scout |
| 20:22 | Create | Camel Scout |
| 20:23 | Build | House |
| 20:50 | Create | Villager (Male) |
| 20:54 | Create | Villager (Male) |
| 21:03 | Build | House |
| 21:10 | Create | Villager (Male) |
| 21:38 | Build | Dock |
| 21:41 | Create | Villager (Male) |
| 21:48 | Create | Villager (Male) |
| 21:54 | Create | Villager (Male) |
| 22:04 | Build | Farm |
| 22:04 | Create | Villager (Male) |
| 22:07 | Build | Farm |
| 22:09 | Build | Farm |
| 22:26 | Create | Camel Scout |
| 22:30 | Build | Farm |
| 22:54 | Create | Villager (Male) |
| 22:54 | Create | Villager (Male) |
| 22:55 | Create | Villager (Male) |
| 23:09 | Create | Camel Scout |
| 23:09 | Create | Camel Scout |
| 23:26 | Build | Town Center |
| 23:26 | Create | Villager (Male) |
| 23:26 | Create | Villager (Male) |
| 23:36 | Build | Farm |
| 23:37 | Create | Villager (Male) |
| 23:49 | Build | House |
| 23:49 | Build | House |
| 24:00 | Build | House |
| 24:15 | Build | House |
| 24:33 | Create | Villager (Male) |
| 24:33 | Create | Villager (Male) |
| 24:51 | Create | Villager (Male) |
| 24:57 | Create | Villager (Male) |
| 25:04 | Create | Camel Scout |
| 25:04 | Create | Camel Scout |
| 25:05 | Create | Camel Scout |
| 25:05 | Create | Camel Scout |
| 25:11 | Research | Tech 906 |
| 25:11 | Research | Tech 906 |
| 25:37 | Create | Camel Scout |
| 25:37 | Create | Camel Scout |
| 26:01 | Build | Dock |
| 26:03 | Create | Camel Scout |
| 26:03 | Create | Camel Scout |
| 26:03 | Create | Camel Scout |
Build order — GRANDFATHER
First 150 of 290 actions detected
| 0:01 | Create | Villager (Male) ×3 |
| 0:02 | Build | House |
| 0:03 | Build | House |
| 1:23 | Create | Villager (Male) |
| 1:48 | Create | Villager (Male) |
| 2:11 | Create | Villager (Male) |
| 2:20 | Build | Lumber Camp |
| 2:38 | Create | Villager (Male) |
| 3:00 | Create | Villager (Male) |
| 3:24 | Create | Villager (Male) |
| 3:33 | Build | House |
| 3:50 | Create | Villager (Male) |
| 4:18 | Create | Villager (Male) |
| 4:36 | Create | Villager (Male) |
| 4:48 | Build | House |
| 5:04 | Create | Villager (Male) |
| 5:14 | Build | Dock |
| 5:33 | Create | Villager (Male) |
| 5:51 | Create | Villager (Male) |
| 6:08 | Create | Villager (Male) |
| 6:13 | Create | Fishing Ship |
| 6:36 | Build | Mill |
| 6:42 | Create | Villager (Male) |
| 7:01 | Build | House |
| 7:11 | Create | Villager (Male) |
| 7:24 | Create | Fishing Ship |
| 7:35 | Create | Villager (Male) |
| 7:37 | Build | House |
| 8:04 | Create | Villager (Male) |
| 8:06 | Create | Fishing Ship |
| 8:27 | Create | Villager (Male) |
| 8:59 | Research | Feudal Age |
| 9:06 | Build | Mining Camp |
| 9:24 | Create | Fishing Ship |
| 10:17 | Build | Farm |
| 10:17 | Build | Farm |
| 10:17 | Build | Farm |
| 10:49 | Create | Fishing Ship |
| 10:57 | Build | Farm |
| 11:02 | Create | Villager (Male) |
| 11:08 | Research | Loom |
| 11:09 | Age | Feudal Age |
| 11:15 | Research | Double-Bit Axe |
| 11:17 | Create | Villager (Male) |
| 11:22 | Build | Farm |
| 11:32 | Build | House |
| 11:33 | Build | Palisade Wall |
| 11:33 | Build | Palisade Wall |
| 11:38 | Build | House |
| 11:40 | Build | Palisade Wall |
| 11:42 | Create | Villager (Male) |
| 11:49 | Build | House |
| 11:51 | Build | Palisade Wall |
| 11:52 | Build | Palisade Wall |
| 11:53 | Build | Palisade Wall |
| 11:53 | Build | Palisade Wall |
| 11:57 | Build | Farm |
| 12:07 | Build | House |
| 12:15 | Build | Farm |
| 12:22 | Create | Villager (Male) |
| 12:25 | Build | Farm |
| 12:37 | Build | Farm |
| 12:44 | Build | Palisade Wall |
| 12:49 | Create | Villager (Male) |
| 12:51 | Build | House |
| 13:00 | Build | Palisade Wall |
| 13:06 | Build | Farm |
| 13:11 | Create | Villager (Male) |
| 13:20 | Build | Farm |
| 13:34 | Build | Farm |
| 13:37 | Create | Villager (Male) |
| 13:51 | Create | Villager (Male) |
| 14:00 | Build | Farm |
| 14:29 | Build | Market |
| 14:30 | Create | Villager (Male) |
| 14:45 | Create | Villager (Male) |
| 15:05 | Build | Blacksmith |
| 15:15 | Create | Villager (Male) |
| 15:35 | Research | Castle Age |
| 15:35 | Research | Castle Age |
| 16:03 | Build | Mining Camp |
| 16:18 | Build | Palisade Wall |
| 16:27 | Build | Lumber Camp |
| 16:54 | Research | Loom |
| 17:48 | Build | House |
| 17:49 | Research | Fletching |
| 18:02 | Build | Palisade Wall |
| 18:25 | Age | Castle Age |
| 18:26 | Research | Bow Saw |
| 18:27 | Research | Bodkin Arrow |
| 18:54 | Create | Villager (Male) |
| 18:54 | Create | Villager (Male) |
| 19:03 | Build | Castle |
| 19:09 | Research | Gold Mining |
| 19:16 | Create | Villager (Male) |
| 19:46 | Create | Villager (Male) |
| 19:59 | Create | Villager (Male) |
| 20:08 | Create | Mangudai |
| 20:08 | Create | Mangudai |
| 20:34 | Build | Town Center |
| 20:38 | Create | Villager (Male) |
| 20:39 | Create | Mangudai |
| 20:47 | Create | Mangudai |
| 21:18 | Create | Villager (Male) |
| 21:21 | Research | Horse Collar |
| 21:22 | Research | Padded Archer Armor |
| 21:27 | Create | Mangudai |
| 21:31 | Create | Villager (Male) |
| 21:32 | Create | Villager (Male) |
| 21:37 | Create | Mangudai |
| 21:43 | Research | Stone Mining |
| 21:50 | Research | Wheelbarrow |
| 21:53 | Create | Villager (Male) |
| 21:57 | Create | Mangudai |
| 21:57 | Create | Mangudai |
| 22:24 | Create | Villager (Male) |
| 22:25 | Create | Villager (Male) |
| 22:43 | Build | University |
| 22:46 | Create | Mangudai |
| 22:59 | Research | Leather Archer Armor |
| 23:15 | Create | Mangudai |
| 23:15 | Create | Mangudai |
| 23:33 | Create | Villager (Male) |
| 23:33 | Create | Villager (Male) |
| 23:33 | Create | Villager (Male) |
| 23:51 | Create | Mangudai |
| 24:00 | Research | Ballistics |
| 24:06 | Build | Farm |
| 24:27 | Create | Mangudai |
| 24:28 | Create | Mangudai |
| 24:28 | Create | Mangudai |
| 24:32 | Create | Mangudai |
| 24:33 | Create | Villager (Male) |
| 24:33 | Create | Villager (Male) |
| 24:33 | Create | Villager (Male) |
| 24:34 | Create | Villager (Male) |
| 24:39 | Build | Barracks |
| 24:43 | Create | Mangudai |
| 24:43 | Create | Mangudai |
| 25:05 | Create | Mangudai |
| 25:15 | Create | Mangudai |
| 25:15 | Create | Mangudai |
| 25:17 | Create | Villager (Male) |
| 25:25 | Create | Villager (Male) |
| 25:27 | Build | Stable |
| 25:41 | Create | Mangudai |
| 25:41 | Create | Mangudai |
| 25:43 | Create | Villager (Male) |
| 25:44 | Create | Villager (Male) |
| 25:49 | Create | Mangudai |
Build order — Simvall
First 150 of 330 actions detected
| 0:01 | Create | Villager (Male) |
| 0:02 | Create | Villager (Male) |
| 0:02 | Create | Villager (Male) |
| 0:03 | Build | House |
| 0:04 | Build | House |
| 1:19 | Create | Villager (Male) |
| 1:19 | Create | Villager (Male) |
| 1:48 | Create | Villager (Male) |
| 1:48 | Create | Villager (Male) |
| 2:07 | Build | Lumber Camp |
| 2:11 | Create | Villager (Male) |
| 2:11 | Create | Villager (Male) |
| 2:39 | Create | Villager (Male) |
| 3:06 | Create | Villager (Male) |
| 3:06 | Create | Villager (Male) |
| 3:31 | Create | Villager (Male) |
| 3:32 | Create | Villager (Male) |
| 3:57 | Create | Villager (Male) |
| 3:57 | Create | Villager (Male) |
| 4:08 | Build | Dock |
| 4:23 | Research | Loom |
| 4:25 | Build | Palisade Wall |
| 4:29 | Build | Palisade Wall |
| 4:31 | Build | Palisade Wall |
| 4:40 | Build | Palisade Wall |
| 4:44 | Create | Villager (Male) |
| 4:44 | Create | Villager (Male) |
| 4:51 | Build | House |
| 5:06 | Create | Villager (Male) |
| 5:06 | Create | Villager (Male) |
| 5:38 | Create | Villager (Male) |
| 5:39 | Create | Villager (Male) |
| 5:53 | Build | Dock |
| 6:07 | Create | Villager (Male) |
| 6:14 | Build | House |
| 6:14 | Build | House |
| 6:28 | Create | Villager (Male) |
| 6:29 | Create | Villager (Male) |
| 6:39 | Build | Mill |
| 6:42 | Create | Transport Ship |
| 6:44 | Build | House |
| 7:02 | Create | Villager (Male) |
| 7:02 | Create | Villager (Male) |
| 7:02 | Create | Villager (Male) |
| 7:09 | Create | Fishing Ship |
| 7:28 | Build | Mining Camp |
| 7:29 | Create | Villager (Male) |
| 7:29 | Create | Villager (Male) |
| 7:50 | Create | Fishing Ship |
| 7:56 | Create | Villager (Male) |
| 7:56 | Create | Villager (Male) |
| 7:58 | Create | Villager (Male) |
| 8:27 | Create | Villager (Male) |
| 8:32 | Create | Fishing Ship |
| 9:04 | Create | Villager (Male) |
| 9:26 | Create | Fishing Ship |
| 9:27 | Create | Villager (Male) |
| 9:33 | Build | Mill |
| 9:57 | Create | Villager (Male) |
| 10:04 | Build | Farm |
| 10:27 | Create | Villager (Male) |
| 10:32 | Create | Fishing Ship |
| 10:44 | Build | Farm |
| 10:51 | Create | Villager (Male) |
| 10:54 | Build | Farm |
| 11:05 | Build | House |
| 11:08 | Build | Farm |
| 11:11 | Create | Villager (Male) |
| 11:19 | Create | Fishing Ship |
| 11:42 | Build | Palisade Wall |
| 11:43 | Build | Palisade Wall |
| 11:51 | Build | Farm |
| 11:58 | Research | Feudal Age |
| 11:59 | Research | Feudal Age |
| 12:08 | Build | Mining Camp |
| 12:36 | Create | Fishing Ship |
| 12:36 | Create | Fishing Ship |
| 13:57 | Build | Palisade Wall |
| 14:02 | Build | Palisade Wall |
| 14:08 | Age | Feudal Age |
| 14:09 | Build | Palisade Wall |
| 14:10 | Create | Villager (Male) |
| 14:11 | Create | Villager (Male) |
| 14:12 | Build | Market |
| 14:20 | Build | Blacksmith |
| 14:41 | Build | Palisade Wall |
| 15:28 | Research | Castle Age |
| 15:29 | Research | Castle Age |
| 16:20 | Create | Demolition Raft |
| 17:48 | Create | Villager (Male) |
| 18:08 | Age | Castle Age |
| 18:10 | Research | Wheelbarrow |
| 18:10 | Research | Wheelbarrow |
| 18:17 | Build | Castle |
| 18:35 | Create | Fishing Ship |
| 18:39 | Build | House |
| 18:40 | Build | House |
| 18:43 | Build | House |
| 18:44 | Build | House |
| 19:07 | Build | Town Center |
| 19:18 | Research | Gold Mining |
| 19:18 | Research | Horse Collar |
| 19:19 | Research | Horse Collar |
| 19:31 | Build | Monastery |
| 19:32 | Create | Villager (Male) |
| 19:43 | Create | Arambai |
| 19:43 | Create | Arambai |
| 19:43 | Create | Arambai |
| 19:44 | Create | Arambai |
| 19:56 | Build | Farm |
| 19:59 | Create | Villager (Male) |
| 20:00 | Create | Villager (Male) |
| 20:14 | Build | Farm |
| 20:24 | Create | Monk |
| 20:26 | Create | Villager (Male) |
| 20:28 | Create | Arambai |
| 20:47 | Create | Villager (Male) |
| 20:50 | Build | House |
| 20:54 | Build | Farm |
| 20:57 | Create | Arambai |
| 20:58 | Build | Farm |
| 21:14 | Create | Villager (Male) |
| 21:15 | Build | Farm |
| 21:24 | Build | House |
| 21:33 | Create | Arambai |
| 21:33 | Create | Arambai |
| 21:40 | Create | Villager (Male) |
| 21:40 | Create | Villager (Male) |
| 21:52 | Build | Farm |
| 21:53 | Build | Farm |
| 21:55 | Create | Arambai |
| 22:09 | Build | Farm |
| 22:10 | Create | Villager (Male) |
| 22:10 | Create | Villager (Male) |
| 22:11 | Create | Villager (Male) |
| 22:33 | Create | Villager (Male) |
| 22:33 | Create | Villager (Male) |
| 22:42 | Create | Arambai |
| 22:42 | Create | Arambai |
| 22:42 | Create | Arambai |
| 22:49 | Create | Villager (Male) |
| 22:49 | Create | Villager (Male) |
| 23:08 | Build | Barracks |
| 23:20 | Create | Arambai |
| 23:36 | Create | Villager (Male) |
| 23:56 | Create | Villager (Male) |
| 23:58 | Create | Arambai |
| 23:58 | Create | Arambai |
| 24:14 | Build | Stable |
| 24:32 | Create | Arambai |
Build order — Mettiu
First 150 of 172 actions detected
| 0:02 | Create | Villager (Male) ×3 |
| 0:03 | Build | House |
| 0:05 | Build | House |
| 1:23 | Create | Villager (Male) |
| 1:47 | Create | Villager (Male) |
| 2:14 | Create | Villager (Male) |
| 2:27 | Build | Lumber Camp |
| 2:37 | Create | Villager (Male) |
| 3:04 | Create | Villager (Male) |
| 3:29 | Create | Villager (Male) |
| 3:50 | Create | Villager (Male) |
| 4:05 | Build | Dock |
| 4:13 | Build | House |
| 4:18 | Create | Villager (Male) |
| 4:39 | Research | Loom |
| 4:43 | Build | Palisade Wall |
| 4:57 | Create | Villager (Male) |
| 5:21 | Create | Villager (Male) |
| 5:32 | Build | House |
| 5:48 | Create | Villager (Male) |
| 5:54 | Create | Fishing Ship |
| 5:55 | Create | Fishing Ship |
| 6:00 | Build | House |
| 6:04 | Create | Villager (Male) |
| 6:17 | Create | Fishing Ship |
| 6:41 | Create | Villager (Male) |
| 6:44 | Create | Fishing Ship |
| 7:02 | Create | Villager (Male) |
| 7:20 | Create | Villager (Male) |
| 7:20 | Create | Villager (Male) |
| 7:39 | Create | Villager (Male) |
| 7:42 | Create | Fishing Ship |
| 7:52 | Create | Villager (Male) |
| 8:05 | Create | Fishing Ship |
| 8:53 | Research | Feudal Age |
| 8:53 | Research | Feudal Age |
| 9:00 | Build | Mining Camp |
| 9:33 | Build | House |
| 9:53 | Create | Villager (Male) |
| 9:53 | Create | Villager (Male) |
| 9:57 | Build | Mining Camp |
| 10:18 | Create | Villager (Male) |
| 11:03 | Build | Mill |
| 11:05 | Age | Feudal Age |
| 11:06 | Create | Villager (Male) |
| 11:08 | Create | Fishing Ship |
| 12:00 | Build | Market |
| 12:11 | Build | House |
| 12:44 | Create | Villager (Male) |
| 13:01 | Build | Blacksmith |
| 13:27 | Build | Palisade Wall |
| 13:28 | Build | Palisade Wall |
| 13:31 | Build | Palisade Wall |
| 13:33 | Build | Palisade Wall |
| 13:33 | Build | Palisade Wall |
| 13:42 | Build | Palisade Wall |
| 13:42 | Build | Palisade Wall |
| 14:03 | Research | Castle Age |
| 14:03 | Research | Castle Age |
| 14:06 | Create | Villager (Male) |
| 14:06 | Create | Villager (Male) |
| 14:07 | Research | Double-Bit Axe |
| 14:08 | Research | Horse Collar |
| 14:08 | Research | Horse Collar |
| 14:10 | Research | Gold Mining |
| 14:11 | Research | Gold Mining |
| 14:42 | Build | Watch Tower |
| 15:59 | Build | Dock |
| 16:22 | Create | Unit 2626 |
| 16:22 | Create | Unit 2626 |
| 16:43 | Age | Castle Age |
| 16:55 | Build | Castle |
| 17:01 | Create | Villager (Male) |
| 17:08 | Build | Farm |
| 17:08 | Build | Farm |
| 17:22 | Create | Unit 2626 |
| 17:27 | Create | Unit 2626 |
| 17:55 | Create | Villager (Male) |
| 17:55 | Create | Villager (Male) |
| 18:27 | Create | Genoese Crossbowman |
| 18:28 | Create | Villager (Male) |
| 18:54 | Create | Villager (Male) |
| 19:20 | Build | Mining Camp |
| 19:53 | Create | Genoese Crossbowman |
| 19:54 | Create | Genoese Crossbowman |
| 20:14 | Create | Villager (Male) |
| 20:17 | Create | Genoese Crossbowman |
| 20:48 | Create | Genoese Crossbowman |
| 20:59 | Create | Genoese Crossbowman |
| 21:27 | Create | Genoese Crossbowman |
| 21:31 | Build | Blacksmith |
| 21:48 | Create | Genoese Crossbowman |
| 21:48 | Create | Villager (Male) |
| 22:05 | Create | Genoese Crossbowman |
| 22:06 | Create | Villager (Male) |
| 22:17 | Research | Fletching |
| 22:17 | Research | Fletching |
| 22:24 | Create | Villager (Male) |
| 22:48 | Create | Galley |
| 22:54 | Create | Villager (Male) |
| 23:08 | Create | Villager (Male) |
| 23:35 | Create | Genoese Crossbowman |
| 23:45 | Create | Villager (Male) |
| 23:54 | Build | Lumber Camp |
| 24:00 | Create | Genoese Crossbowman |
| 24:07 | Create | Genoese Crossbowman |
| 24:17 | Create | Genoese Crossbowman |
| 24:41 | Create | Villager (Male) |
| 24:45 | Build | House |
| 24:45 | Build | House |
| 25:00 | Create | Genoese Crossbowman |
| 25:00 | Create | Villager (Male) |
| 25:06 | Research | Bodkin Arrow |
| 25:08 | Create | Villager (Male) |
| 25:09 | Build | Farm |
| 25:12 | Build | Farm |
| 25:15 | Create | Fishing Ship |
| 25:37 | Create | Genoese Crossbowman |
| 25:46 | Create | Genoese Crossbowman |
| 25:49 | Create | Genoese Crossbowman |
| 25:50 | Create | Villager (Male) |
| 25:50 | Create | Villager (Male) |
| 26:00 | Build | House |
| 26:13 | Create | Villager (Male) |
| 26:15 | Build | House |
| 26:27 | Create | Villager (Male) |
| 26:40 | Create | Fishing Ship |
| 26:40 | Create | Fishing Ship |
| 27:15 | Create | Villager (Male) |
| 27:34 | Create | Genoese Crossbowman |
| 27:34 | Create | Genoese Crossbowman |
| 27:45 | Create | Villager (Male) ×5 |
| 27:57 | Create | Genoese Crossbowman |
| 28:14 | Create | Genoese Crossbowman |
| 28:25 | Create | Villager (Male) |
| 28:25 | Create | Villager (Male) |
| 28:48 | Create | Villager (Male) |
| 28:48 | Create | Villager (Male) |
| 28:49 | Build | Farm |
| 28:50 | Build | Farm |
| 28:54 | Create | Genoese Crossbowman |
| 29:02 | Create | Villager (Male) |
| 29:07 | Build | House |
| 29:29 | Create | Genoese Crossbowman |
| 29:32 | Create | Villager (Male) |
| 29:54 | Create | Genoese Crossbowman |
| 30:07 | Create | Villager (Male) |
| 30:16 | Build | Mining Camp |
| 30:28 | Create | Genoese Crossbowman |
| 30:29 | Create | Genoese Crossbowman |
Match timeline
| 3:48 | PUNISHER · first_building Dock |
| 4:01 | Nheltarion · first_building Dock |
| 4:05 | Mettiu · first_building Dock |
| 4:08 | Simvall · first_building Dock |
| 4:25 | Simvall · wall_segment Palisade Wall x1 |
| 4:29 | Simvall · wall_segment Palisade Wall x1 |
| 4:31 | Simvall · wall_segment Palisade Wall x1 |
| 4:40 | Simvall · wall_segment Palisade Wall x1 |
| 4:43 | Mettiu · wall_segment Palisade Wall x1 |
| 5:11 | Nheltarion · wall_segment Palisade Wall x1 |
| 5:14 | GRANDFATHER · first_building Dock |
| 5:14 | Nheltarion · wall_segment Palisade Wall x1 |
| 5:17 | Nheltarion · wall_segment Palisade Wall x1 |
| 5:19 | Nheltarion · wall_segment Palisade Wall x1 |
| 6:44 | PUNISHER · first_building Barracks |
| 7:25 | PUNISHER · first_building Dock |
| 8:38 | MB7 · first_building Barracks |
| 9:52 | Cagata Sonante · first_building Barracks |
| 11:05 | Mettiu · age_up feudal |
| 11:09 | GRANDFATHER · age_up feudal |
| 11:12 | MB7 · age_up feudal |
| 11:15 | PUNISHER · first_building Barracks |
| 11:17 | MB7 · first_building Stable |
| 11:33 | GRANDFATHER · wall_segment Palisade Wall x1 |
| 11:33 | GRANDFATHER · wall_segment Palisade Wall x1 |
| 11:40 | GRANDFATHER · wall_segment Palisade Wall x4 |
| 11:42 | Simvall · wall_segment Palisade Wall x1 |
| 11:43 | Simvall · wall_segment Palisade Wall x1 |
| 11:51 | GRANDFATHER · wall_segment Palisade Wall x1 |
| 11:52 | GRANDFATHER · wall_segment Palisade Wall x1 |
| 11:53 | GRANDFATHER · wall_segment Palisade Wall x1 |
| 11:53 | GRANDFATHER · wall_segment Palisade Wall x1 |
| 11:54 | Cagata Sonante · age_up feudal |
| 12:00 | PUNISHER · age_up feudal |
| 12:04 | PUNISHER · first_building Stable |
| 12:22 | PUNISHER · age_up feudal |
| 12:29 | PUNISHER · first_building Archery Range |
| 12:31 | Nheltarion · first_building Barracks |
| 12:44 | GRANDFATHER · wall_segment Palisade Wall x1 |
| 12:54 | MB7 · wall_segment Palisade Wall x5 |
| 12:56 | MB7 · wall_segment Palisade Wall x1 |
| 13:00 | GRANDFATHER · wall_segment Palisade Wall x3 |
| 13:10 | MB7 · wall_segment Palisade Wall x1 |
| 13:11 | MB7 · wall_segment Palisade Wall x1 |
| 13:19 | MB7 · wall_segment Stone Wall x1 |
| 13:21 | MB7 · wall_segment Stone Wall x1 |
| 13:27 | Mettiu · wall_segment Palisade Wall x1 |
| 13:28 | Mettiu · wall_segment Palisade Wall x1 |
| 13:31 | Mettiu · wall_segment Palisade Wall x1 |
| 13:33 | Mettiu · wall_segment Palisade Wall x1 |
| 13:33 | Mettiu · wall_segment Palisade Wall x1 |
| 13:42 | Mettiu · wall_segment Palisade Wall x2 |
| 13:42 | Mettiu · wall_segment Palisade Wall x1 |
| 13:52 | MB7 · first_building Archery Range |
| 13:57 | Simvall · wall_segment Palisade Wall x1 |
| 14:02 | Simvall · wall_segment Palisade Wall x1 |
| 14:08 | Simvall · age_up feudal |
| 14:09 | Simvall · wall_segment Palisade Wall x1 |
| 14:10 | MB7 · wall_segment Palisade Wall x1 |
| 14:16 | MB7 · wall_segment Palisade Wall x1 |
| 14:17 | MB7 · wall_segment Palisade Wall x1 |
| 14:21 | Nheltarion · age_up feudal |
| 14:41 | Simvall · wall_segment Palisade Wall x1 |
| 14:43 | MB7 · wall_segment Stone Wall x1 |
| 14:44 | MB7 · wall_segment Stone Wall x1 |
| 15:07 | Simvall · first_market_sell 100 wood |
| 15:08 | Simvall · first_market_buy 100 food |
| 15:20 | GRANDFATHER · first_market_buy 100 food |
| 15:22 | MB7 · wall_segment Stone Wall x1 |
| 15:28 | MB7 · wall_segment Stone Wall x1 |
| 15:29 | Nheltarion · first_building Stable |
| 15:49 | Nheltarion · wall_segment Palisade Wall x1 |
| 15:51 | Nheltarion · wall_segment Palisade Wall x1 |
| 15:53 | Nheltarion · wall_segment Palisade Wall x1 |
| 16:18 | GRANDFATHER · wall_segment Palisade Wall x1 |
| 16:26 | Mettiu · first_market_sell 100 food |
| 16:28 | Mettiu · first_market_buy 100 stone |
| 16:43 | Mettiu · age_up castle |
| 16:55 | Mettiu · first_building Castle |
| 17:59 | Nheltarion · age_up castle |
| 18:02 | GRANDFATHER · wall_segment Palisade Wall x7 |
| 18:08 | Simvall · age_up castle |
| 18:17 | Simvall · first_building Castle |
| 18:25 | GRANDFATHER · age_up castle |
| 18:55 | PUNISHER · wall_segment Palisade Wall x1 |
| 18:58 | PUNISHER · wall_segment Palisade Wall x1 |
| 18:59 | PUNISHER · wall_segment Palisade Wall x1 |
| 19:03 | GRANDFATHER · first_building Castle |
| 19:12 | Nheltarion · first_market_buy 100 wood |
| 19:31 | Simvall · first_building Monastery |
| 19:34 | MB7 · wall_segment Stone Wall x23 |
| 19:43 | MB7 · wall_segment Stone Wall x11 |
| 20:47 | MB7 · wall_segment Stone Wall x1 |
| 20:50 | Cagata Sonante · first_market_sell 100 wood |
| 20:51 | Cagata Sonante · first_market_buy 100 food |
| 21:10 | PUNISHER · wall_segment Palisade Wall x1 |
| 21:12 | PUNISHER · wall_segment Palisade Wall x1 |
| 22:22 | MB7 · wall_segment Stone Wall x4 |
| 23:08 | Simvall · first_building Barracks |
| 23:08 | MB7 · wall_segment Stone Wall x3 |
| 23:47 | MB7 · wall_segment Stone Wall x1 |
| 24:03 | MB7 · age_up castle |
| 24:14 | Simvall · first_building Stable |
| 24:15 | PUNISHER · wall_segment Palisade Wall x1 |
| 24:20 | MB7 · wall_segment Stone Wall x1 |
| 24:39 | GRANDFATHER · first_building Barracks |
| 24:46 | PUNISHER · age_up castle |
| 25:27 | GRANDFATHER · first_building Stable |
| 25:57 | Cagata Sonante · age_up castle |
| 28:04 | MB7 · wall_segment Stone Wall x1 |
| 28:14 | MB7 · wall_segment Stone Wall x1 |
| 28:35 | MB7 · wall_segment Stone Wall x1 |
| 28:44 | MB7 · wall_segment Stone Wall x1 |
| 28:45 | MB7 · wall_segment Stone Wall x1 |
| 28:54 | Nheltarion · first_building Siege Workshop |
| 30:48 | MB7 · wall_segment Stone Wall x1 |
| 31:01 | PUNISHER · age_up castle |
| 31:23 | MB7 · first_market_buy 100 wood |
| 31:34 | PUNISHER · first_market_buy 100 wood |
| 33:56 | Nheltarion · first_market_sell 100 wood |
| 34:11 | PUNISHER · first_market_sell 100 wood |
| 34:15 | Nheltarion · resign |
[ AI ANALYSIS · 1 CREDIT ]
What really happened in this match?
Wolo.gg analyzes every decision: build order, eco, micro, common mistakes by bracket. Personalized analysis on WhatsApp or Discord in 30 seconds.
Civ guide
Burgundians
Perfil
MB7